 Dungeon Crawl Stone Soup version 0.21.1-1-g345015f (webtiles) character file.

86 Labyrinth the Stinger (level 4, -1/30 HPs)
             Began as a Merfolk Venom Mage on July 21, 2018.
             Slain by an orc
             ... wielding a +0 whip
              (2 damage)
             ... on level 3 of the Dungeon.
             The game lasted 00:13:20 (2183 turns).

Labyrinth the Stinger (Merfolk Venom Mage)          Turns: 2183, Time: 00:13:21

Health: -1/30      AC:  2    Str:  7 (9)  XL:     4   Next: 49%
Magic:  0/7        EV: 13    Int: 18 (19) God:
Gold:   260        SH:  0    Dex: 14      Spells: 4/7 levels left

rFire    . . .     SeeInvis .   k - -3 dagger (curse)
rCold    . . .     Gourm    .   (no shield)
rNeg     . . .     Faith    .   a - +0 robe
rPois    +         Spirit   +   (no helmet)
rElec    .         Reflect  .   (no cloak)
rCorr    .         Harm     .   (no gloves)
MR       .....                  (no boots)
Stlth    ++........             q - amulet of guardian spirit
HPRegen  0.10/turn              e - ring of poison resistance
MPRegen  0.10/turn              (no ring)

@: brilliant
A: change form in water, swift swim, stealthy swim
a: no special abilities


You were on level 3 of the Dungeon.
You were not hungry.

You visited 1 branch of the dungeon, and saw 3 of its levels.

You collected 260 gold pieces.

Inventory:

Hand Weapons
 g - a -2 dagger
 h - a +0 club
 i - a +0 dagger
 k - a cursed -3 dagger (weapon)
 l - a +0 whip
 m - a +0 spear
Missiles
 d - 122 stones (quivered)
 n - 19 bolts
 p - 16 arrows
Armour
 a - a +0 robe (worn)
Jewellery
 e - a ring of poison resistance (left hand)
 q - an amulet of guardian spirit (around neck)
Potions
 j - a potion of brilliance
Books
 b - a Young Poisoner's Handbook

   Spells                             Type                      Level
   a - Sting                          Conjuration/Poison           1
   b - Poisonous Vapours              Poison/Air                   2
   c - Mephitic Cloud                 Conjuration/Poison/Air       3
   d - Olgreb's Toxic Radiance        Poison                       4
   e - Venom Bolt                     Conjuration/Poison           5
Comestibles
 c - 4 rations
 o - 5 chunks of flesh


   Skills:
 + Level 0.1 Fighting
 + Level 1.2 Short Blades
 + Level 3.1 Dodging
 + Level 2.6 Stealth
 + Level 1.0 Unarmed Combat
 + Level 2.4 Spellcasting
 + Level 1.3 Conjurations
 + Level 0.1 Air Magic
 + Level 4.1 Poison Magic


You had 4 spell levels left.
You knew the following spells:

 Your Spells              Type           Power        Failure   Level  Hunger
a - Sting                 Conj/Pois      ###.         1%          1    #......
b - Poisonous Vapours     Pois/Air       ###...       1%          2    ##.....


Dungeon Overview and Level Annotations

Branches:
Dungeon (3/15)

Altars:


Message History

You hit the orc but do no damage.
The orc is almost dead.
The orc hits you.
* * * LOW HITPOINT WARNING * * *
You hit the orc.
You kill the orc!
You hit the orc but do no damage. The orc hits you with a whip.
* * * LOW HITPOINT WARNING * * *
Casting: Sting
Confirm with . or Enter, or press ? or * to list all spells.
Aiming: Sting
Press: ? - help, Shift-Dir - straight line, f - orc
Aim: an orc, wielding a whip and wearing a leather armour (blue smoke)
The sting misses the orc.
The sting hits the hobgoblin.
The hobgoblin appears unharmed.
The orc hits you with a whip.
* * * LOW HITPOINT WARNING * * *
You hit the orc but do no damage. The orc barely misses you.
You hit the orc but do no damage. The orc hits you but does no damage.
You closely miss the orc. The orc hits you with a whip.
You die...

##.. g. #... #.#
#... o.# #... ..#
####... .o# #......
..# #.##...
##########..#
#.##...
#...§§.@og.§#
#.##...
#.###########
#.##... #.#
######.####.
#.###########..?.#.#
#.
#.#............#.#.#
#.
#.#.#########..#.#.#
#. #.#.# #..#.#.# #.
#.#.# #..#.#.# #.
#.#.# #..#.#.# #.


You could see an orc and a hobgoblin.

Vanquished Creatures
  An orc priest (D:3)
  An adder (D:2)
  2 dart slugs
  3 leopard geckos (D:1)
  2 orcs (D:3)
  4 bats (D:1)
  2 giant cockroaches
  6 goblins
  3 hobgoblins
  2 quokkas (D:2)
  2 frilled lizards (D:1)
  5 kobolds
  7 rats
40 creatures vanquished.

Notes
Turn   | Place    | Note
-------+----------+-------------------------------------------
     0 | D:1      | Labyrinth the Merfolk Venom Mage began the quest for the Orb.
     0 | D:1      | Reached XP level 1. HP: 13/13 MP: 3/3
   144 | D:1      | Reached XP level 2. HP: 4/19 MP: 0/5
   568 | D:1      | Learned a level 2 spell: Poisonous Vapours
   674 | D:1      | Reached skill level 1 in Short Blades
   727 | D:1      | Reached skill level 1 in Conjurations
   763 | D:1      | Reached XP level 3. HP: 17/24 MP: 1/6
  1111 | D:2      | Reached skill level 1 in Unarmed Combat
  1948 | D:3      | Reached skill level 4 in Poison Magic
  2136 | D:3      | Reached XP level 4. HP: 20/30 MP: 0/7
  2180 | D:3      | HP: 1/30 [orc/whip (1)]
  2183 | D:3      | Slain by an orc

Skill      XL: |  1  2  3 |
---------------+----------+-----
Short Blades   | 1 |  1.2
Conjurations   | 1 |  1.3
Unarmed Combat | 1 |  1.0
Poison Magic   | 4 |  4.1
Dodging        | 3 |  3.1
Fighting       | |  0.1
Stealth        | |  2.6
Spellcasting   | |  2.4
Air Magic      | |  0.1

Action                   |  1- 3 |  4- 6 || total
-------------------------+-------+-------++-------
Melee: Dagger            |    88 |    40 ||   128
       Unarmed           |    11 |       ||    11
Throw: Stone             |     5 |       ||     5
 Cast: Sting             |    52 |     5 ||    57
       Poisonous Vapours |     2 |       ||     2
  Use: Potion            |     7 |     1 ||     8
       Scroll            |     5 |     1 ||     6
  Eat: Chunk             |     3 |       ||     3
       Ration            |     1 |       ||     1
Armor: Robe              |    19 |     2 ||    21
Dodge: Dodged            |    73 |    26 ||    99
